[Event "Titled Tuesday Blitz May 23 Late 2023"]
[White "FuenfgegenWilly"]
[Black "Tologon tegin, Semetei"]
[BlackFideId "13800574"]
[WhiteElo "2373"]
[BlackElo "2247"]
[Result "0-1"]
[Round "11"]
[TimeControl "180+2"]
[Date "2023.05.23"]
[WhiteClock "0:00:09"]
[BlackClock "0:00:59"]

1. b3 d5 2. Bb2 c5 3. e3 Nc6 4. Bb5 Bd7 5. Nf3 Rc8 6. c4 dxc4 7. Bxc4 Nf6 8. O-O Bg4 9. h3 Bh5 10. d4 cxd4 11. exd4 e6 12. Re1 Be7 13. g4 Bg6 14. Nc3 O-O 15. d5 exd5 16. Nxd5 Nxd5 17. Bxd5 Bf6 18. Bxf6 Qxf6 19. Kg2 Rfd8 20. Qe2 h5 21. Rad1 hxg4 22. hxg4 Qf4 23. Nh4 Nd4 24. Nxg6 Nxe2 25. Nxf4 Nxf4+ 26. Kf3 Nxd5 27. Rd3 Nb4 28. Rxd8+ Rxd8 29. Re7 Rb8 30. a3 Nc6 31. Rc7 Kf8 32. b4 a6 33. Kf4 Ke8 34. g5 g6 35. f3 Ne7 36. Ke5 Kd8 37. Rc1 Rc8 38. Rd1+ Ke8 39. Kf6 Rc6+ 40. Kg7 Nf5+ 41. Kg8 Rc3 42. Re1+ Re3 43. Rc1 Rxf3 44. Rc8+ Kd7 45. Rb8 Nd6 46. a4 Rf5 47. a5 Rxg5 48. Kf8 Rb5 49. Ra8 Rxb4 50. Kg7 Rb5 51. Kf6 Rxa5 52. Rg8 Rf5+ 53. Kg7 a5 54. Kf8 a4 55. Rh8 a3 56. Rh2 Ra5 57. Ra2 b5 58. Ra1 b4 0-1


[Site "https://www.chess.com"]

[Event "Titled Tuesday Blitz May 23 Late 2023"]
[White "Gerbelli Neto, Eduardo"]
[Black "Liu, Casper"]
[WhiteFideId "2103281"]
[BlackFideId "1454153"]
[WhiteElo "2178"]
[BlackElo "2221"]
[Result "0-1"]
[Round "11"]
[TimeControl "180+2"]
[Date "2023.05.23"]
[WhiteClock "0:00:05"]
[BlackClock "0:00:20"]

1. e4 c5 2. Nc3 g6 3. f4 Bg7 4. Nf3 d6 5. Bb5+ Nc6 6. O-O f5 7. d3 Nf6 8. e5 dxe5 9. Nxe5 Bd7 10. Nxc6 Bxc6 11. Bxc6+ bxc6 12. Qf3 Nd5 13. Bd2 O-O 14. Na4 Rb8 15. Rab1 e5 16. fxe5 Bxe5 17. b3 Qh4 18. g3 Qh3 19. Qg2 Qh5 20. Qf3 Qh3 21. Qg2 Qh5 22. Kh1 Rbe8 23. Nxc5 Bd4 24. g4 fxg4 25. Rxf8+ Rxf8 26. Ne6 Rf2 27. Rf1 Qxh2+ 28. Qxh2 Rxf1+ 29. Kg2 Rf2+ 30. Kg3 Rxh2 31. Kxh2 Be5+ 32. Kg2 h5 33. d4 Bd6 34. c4 Nf6 35. Ng5 h4 36. Ne6 h3+ 37. Kf2 g3+ 38. Kf3 Ng4 39. Ng5 h2 40. Kg2 Nf2 0-1


[Site "https://www.chess.com"]

[Event "Titled Tuesday Blitz May 23 Late 2023"]
[White "Gurevich, Dmitry"]
[Black "Bashkansky, Ethan"]
[WhiteFideId "2000407"]
[BlackFideId "2071533"]
[WhiteElo "2506"]
[BlackElo "2354"]
[Result "1-0"]
[Round "11"]
[TimeControl "180+2"]
[Date "2023.05.23"]
[WhiteClock "0:01:07"]
[BlackClock "0:00:06"]

1. d4 f5 2. Nf3 Nf6 3. Bg5 e6 4. Nbd2 Be7 5. Bxf6 Bxf6 6. e4 O-O 7. e5 Be7 8. Bc4 a6 9. a4 b6 10. d5 Kh8 11. Nb3 Ra7 12. O-O exd5 13. Bxd5 Bb7 14. Bxb7 Rxb7 15. Qd3 Qe8 16. Rad1 a5 17. Rfe1 Qf7 18. Nbd4 Bc5 19. e6 dxe6 20. Nxe6 Re8 21. Nxc5 bxc5 22. Ng5 Rxe1+ 23. Rxe1 Qg8 24. Qd5 h6 25. Qxg8+ Kxg8 26. Re8# 1-0


[Site "https://www.chess.com"]

[Event "Titled Tuesday Blitz May 23 Late 2023"]
[White "Hernandez Leon, Alberto"]
[Black "Rottenwohrer Suarez, Juan"]
[WhiteFideId "2272555"]
[BlackFideId "32068182"]
[WhiteElo "2239"]
[BlackElo "2174"]
[Result "0-1"]
[Round "11"]
[TimeControl "180+2"]
[Date "2023.05.23"]
[WhiteClock "0:00:13"]
[BlackClock "0:00:07"]

1. d4 Nf6 2. c4 g6 3. Nc3 Bg7 4. e4 d6 5. Nf3 O-O 6. Be2 e5 7. Be3 exd4 8. Nxd4 Re8 9. f3 c6 10. Bf2 d5 11. exd5 cxd5 12. c5 Nbd7 13. b4 a5 14. a3 Ne5 15. O-O Nh5 16. g3 Nc4 17. Bxc4 dxc4 18. Qd2 Bf5 19. Ncb5 Bd3 20. Rfe1 Qd7 21. Nd6 Rxe1+ 22. Rxe1 Nf6 23. b5 Nd5 24. f4 a4 25. Kg2 h5 26. h3 Bf8 27. Ne4 Bxe4+ 28. Rxe4 Bxc5 29. Nf3 c3 30. Qc2 Bxf2 31. Qxf2 Qxb5 32. Nd4 Qd3 33. Re5 Rd8 34. f5 Nf6 35. fxg6 Qxd4 36. gxf7+ Kxf7 37. Qxd4 Rxd4 38. Rc5 Rd2+ 39. Kf3 c2 40. Ke3 Rh2 41. g4 hxg4 42. hxg4 Nxg4+ 43. Kd3 Nf6 44. Rxc2 Rxc2 45. Kxc2 Ke6 46. Kc3 Nd5+ 47. Kc4 Kd6 48. Kb5 Nc3+ 49. Kb4 Nd5+ 50. Kxa4 Kc6 51. Kb3 Kb5 52. Ka2 Nb6 53. Kb3 Ka5 54. Ka2 Ka4 55. Kb2 Nc4+ 56. Kc3 Nxa3 57. Kb2 b5 58. Ka2 b4 0-1


[Site "https://www.chess.com"]

[Event "Titled Tuesday Blitz May 23 Late 2023"]
[White "ThaBarWa"]
[Black "Kovalevsky, Stanislav"]
[BlackFideId "13508598"]
[WhiteElo "2335"]
[BlackElo "2174"]
[Result "1-0"]
[Round "11"]
[TimeControl "180+2"]
[Date "2023.05.23"]
[WhiteClock "0:01:00"]
[BlackClock "0:00:02"]

1. d4 Nf6 2. c4 e6 3. Nc3 Bb4 4. f3 d5 5. a3 Bxc3+ 6. bxc3 O-O 7. e3 c5 8. cxd5 exd5 9. Bd3 Nc6 10. Ne2 Re8 11. O-O b6 12. Ng3 h6 13. Ra2 Qd6 14. a4 Bd7 15. Re2 cxd4 16. cxd4 Nb4 17. Bb1 a5 18. e4 dxe4 19. fxe4 Bg4 20. e5 Bxe2 21. Nxe2 Qe7 22. Ng3 Nfd5 23. Nf5 Qe6 24. Qg4 Qg6 25. Ne7+ Nxe7 26. Bxg6 Nxg6 27. Qf5 Ra7 28. g3 Nd5 29. h4 Re6 30. h5 Nge7 31. Qxf7+ Kh7 32. Qxe6 Rc7 33. Bxh6 Rc6 34. Qd7 Kxh6 35. Rf7 Rc1+ 36. Kf2 Rc2+ 37. Ke1 Ne3 38. Rxe7 Ng2+ 39. Kf1 Ne3+ 40. Kg1 Rc1+ 41. Kf2 Nd1+ 42. Kf3 Nc3 43. Qe6+ Kh7 44. Qg6+ Kh8 45. Re8# 1-0


[Site "https://www.chess.com"]

[Event "Titled Tuesday Blitz May 23 Late 2023"]
[White "Chakravarthi Reddy, M"]
[Black "Buchenau, Frank"]
[WhiteFideId "25009532"]
[BlackFideId "4604350"]
[WhiteElo "2201"]
[BlackElo "2157"]
[Result "0-1"]
[Round "11"]
[TimeControl "180+2"]
[Date "2023.05.23"]
[WhiteClock "0:00:04"]
[BlackClock "0:00:28"]

1. e4 e6 2. d4 d5 3. e5 c5 4. c3 Qb6 5. Nf3 Bd7 6. Be2 cxd4 7. cxd4 Bb5 8. O-O Bxe2 9. Qxe2 Nc6 10. Nc3 Nge7 11. Rd1 Nf5 12. g4 Nfxd4 13. Nxd4 Nxd4 14. Rxd4 Qxd4 15. Qb5+ Kd8 16. h3 Qb6 17. Qe2 Be7 18. Be3 Qb4 19. Rd1 Rc8 20. Qf3 Ke8 21. Qe2 Qc4 22. Qf3 Bc5 23. Bg5 h6 24. Bd2 Bd4 25. Rc1 Rc6 26. Ne2 Qa4 27. Rxc6 bxc6 28. b3 Qxa2 29. Nxd4 Qxd2 30. Kg2 h5 31. Nxc6 hxg4 32. Qxg4 Rh6 33. Kh2 Rg6 34. Qf3 Qc1 0-1


[Site "https://www.chess.com"]

[Event "Titled Tuesday Blitz May 23 Late 2023"]
[White "Qiao, Cindy"]
[Black "Shapiro, Viktor"]
[WhiteFideId "2620243"]
[BlackFideId "4175700"]
[WhiteElo "1777"]
[BlackElo "2152"]
[Result "1/2-1/2"]
[Round "11"]
[TimeControl "180+2"]
[Date "2023.05.23"]
[WhiteClock "0:00:09"]
[BlackClock "0:00:16"]

1. d4 Nf6 2. Bf4 g6 3. Nc3 Bg7 4. e4 d6 5. Qd2 h6 6. h4 a6 7. O-O-O b5 8. f3 Nbd7 9. e5 Nh5 10. e6 fxe6 11. Bd3 Nf8 12. g4 Nxf4 13. Qxf4 Bb7 14. Nge2 Qd7 15. Qe3 O-O-O 16. Rde1 Kb8 17. Nf4 e5 18. dxe5 Bxe5 19. Nxg6 Bxc3 20. bxc3 Nxg6 21. Bxg6 e5 22. Be4 Qf7 23. Kb2 d5 24. Bf5 Rde8 25. Qc5 Qf6 26. h5 d4 27. cxd4 exd4 28. Rxe8+ Rxe8 29. Bd3 Bxf3 30. Rf1 Re3 31. Qd5 c6 32. Qc5 Kb7 33. a4 bxa4 34. Qb4+ Kc7 35. Qxa4 c5 36. Qc4 Qb6+ 37. Ka3 Qa5+ 38. Kb2 Qb4+ 39. Qxb4 cxb4 40. Kb3 a5 41. Kc4 Bxg4 42. Kxd4 Re7 43. Rf6 Bxh5 44. Rxh6 Be2 45. Ra6 Bxd3 46. Kxd3 Re5 47. Kd4 Rh5 48. Kc4 Kb7 49. Rf6 Rh2 50. Kb3 Rh3+ 51. Ka4 Ra3+ 52. Kb5 b3 53. cxb3 Rxb3+ 54. Kxa5 Rb2 55. Rf7+ Kc6 56. Rf6+ Kc5 57. Rf5+ Kc6 58. Rf6+ Kc5 59. Rf5+ Kc6 60. Rf6+ 1/2-1/2


[Site "https://www.chess.com"]

[Event "Titled Tuesday Blitz May 23 Late 2023"]
[White "kiwibobo"]
[Black "Matute Escobar, Roxanny"]
[BlackFideId "3926028"]
[WhiteElo "2215"]
[BlackElo "1844"]
[Result "0-1"]
[Round "11"]
[TimeControl "180+2"]
[Date "2023.05.23"]
[WhiteClock "0:00:00"]
[BlackClock "0:00:14"]

1. e4 c5 2. Nf3 d6 3. d4 cxd4 4. Nxd4 Nf6 5. Nc3 g6 6. Be3 Bg7 7. f3 O-O 8. Qd2 Nc6 9. Bc4 Bd7 10. O-O-O Rc8 11. Bb3 Nxd4 12. Bxd4 b5 13. Nd5 Nxd5 14. exd5 a5 15. Bxg7 Kxg7 16. a3 Kg8 17. h4 Qb6 18. h5 b4 19. Qh6 Bf5 20. a4 Rxc2+ 21. Bxc2 Rc8 22. hxg6 Bxg6 23. Rd2 b3 24. Qg5 bxc2 25. Qxe7 Rb8 26. Rxc2 Bxc2 27. Qf6 Bg6 28. Re1 Rc8+ 29. Kd1 Qb3+ 30. Ke2 Re8+ 31. Kf2 Qc2+ 32. Kf1 Bd3+ 33. Kg1 Rxe1+ 34. Kh2 Bg6 35. Qxd6 Re8 36. Qf6 Qf5 37. Qb6 Qh5+ 38. Kg1 Qh4 39. g3 Qxg3+ 40. Kh1 Re1+ 0-1


[Site "https://www.chess.com"]

[Event "Titled Tuesday Blitz May 23 Late 2023"]
[White "Howell, David W L"]
[Black "Alexikov, Alexander"]
[WhiteFideId "410608"]
[BlackFideId "14103958"]
[WhiteElo "2567"]
[BlackElo "2186"]
[Result "1-0"]
[Round "11"]
[TimeControl "180+2"]
[Date "2023.05.23"]
[WhiteClock "0:00:12"]
[BlackClock "0:00:00"]

1. e4 c5 2. Nf3 d6 3. d4 Nf6 4. Nc3 cxd4 5. Nxd4 a6 6. Be2 e5 7. Nb3 Be6 8. f4 Qc7 9. O-O Nbd7 10. Kh1 exf4 11. Bxf4 Ne5 12. Nd4 Be7 13. Bg3 g6 14. Bh4 Nfd7 15. Bxe7 Kxe7 16. Qd2 h6 17. Rf2 Rae8 18. Raf1 Kd8 19. Rd1 Qc5 20. Rff1 Kc8 21. h3 Rd8 22. Nxe6 fxe6 23. Qxd6 Rhe8 24. Qxc5+ Nxc5 25. Kg1 Rxd1 26. Rxd1 Rf8 27. Rf1 Rxf1+ 28. Kxf1 b5 29. a3 Kd7 30. Kf2 Kd6 31. Ke3 g5 32. g3 Nc6 33. Bf1 Ke5 34. b4 Nd7 35. Bd3 Nb6 36. Ne2 Na4 37. Ng1 Kf6 38. c4 Na7 39. Nf3 e5 40. Nd2 Nb2 41. Be2 Ke6 42. Bg4+ Kd6 43. c5+ Ke7 44. Bf5 Nc6 45. Bc8 Nb8 46. Bb7 Kd7 47. Bd5 Nc6 48. Nf3 Nc4+ 49. Bxc4 bxc4 50. Kd2 Ke6 51. Kc3 1-0


[Site "https://www.chess.com"]

[Event "Titled Tuesday Blitz May 23 Late 2023"]
[White "Schuster, Karsten"]
[Black "Melian, Juan Sebastian"]
[WhiteFideId "4611071"]
[BlackFideId "3706575"]
[WhiteElo "2254"]
[BlackElo "2092"]
[Result "0-1"]
[Round "11"]
[TimeControl "180+2"]
[Date "2023.05.23"]
[WhiteClock "0:00:40"]
[BlackClock "0:00:05"]

1. d4 Nf6 2. c4 e6 3. Nc3 Bb4 4. Qc2 c5 5. dxc5 Qc7 6. Nf3 a6 7. a3 Bxc5 8. Bg5 Be7 9. e3 d6 10. Bd3 Nbd7 11. b4 b6 12. O-O Bb7 13. Rac1 h6 14. Bh4 O-O 15. Ne4 Rfe8 16. Bg3 Rac8 17. Rfd1 Nxe4 18. Bxe4 Bxe4 19. Qxe4 Nf6 20. Qd3 e5 21. Qb1 Qb7 22. Nd2 b5 23. f3 Rc7 24. cxb5 axb5 25. Rxc7 Qxc7 26. e4 Qa7+ 27. Bf2 Qxa3 28. Nf1 Rc8 29. Qd3 Qxd3 30. Rxd3 Rc1 31. g4 Rb1 32. Kg2 Rxb4 33. Ne3 Rb2 34. Nf5 Bf8 35. Nxd6 Nd7 36. Rd5 b4 37. Nc4 Rc2 38. Rxd7 Rxc4 39. Rb7 f6 40. Kg3 Kh7 41. h4 Rc2 42. h5 Rc3 43. Be1 Rc4 44. Kg2 Bc5 45. Rb5 Rc2+ 46. Kg3 Rc1 47. Bxb4 Bd4 48. Bf8 Rc7 49. Rb8 Be3 50. Kg2 Rc2+ 51. Kg3 Bf4+ 52. Kh3 Rh2# 0-1


[Site "https://www.chess.com"]

[Event "Titled Tuesday Blitz May 23 Late 2023"]
[White "Weinstein, Joshua Ross"]
[Black "Remolar Gallen, Jose"]
[WhiteFideId "30927714"]
[BlackFideId "2215187"]
[WhiteElo "2337"]
[BlackElo "2223"]
[Result "0-1"]
[Round "11"]
[TimeControl "180+2"]
[Date "2023.05.23"]
[WhiteClock "0:00:25"]
[BlackClock "0:00:31"]

1. e4 c5 2. Nc3 d6 3. Bc4 Nf6 4. f4 e6 5. d3 Be7 6. Bb3 Nc6 7. Nf3 O-O 8. O-O d5 9. e5 Ne8 10. Ne2 g6 11. c3 Ng7 12. g4 f6 13. exf6 Bxf6 14. Ng3 b5 15. Qe2 a5 16. Be3 a4 17. Bc2 Qd6 18. d4 cxd4 19. Nxd4 Nxd4 20. cxd4 b4 21. Bd3 Bd7 22. Kh1 Rac8 23. f5 gxf5 24. gxf5 exf5 25. Nxf5 Nxf5 26. Bxf5 Rce8 27. Qg4+ Kh8 28. Bh6 Rg8 29. Qh5 Bxf5 30. Rxf5 Rg6 31. Bf4 Qe6 32. Rxf6 Qe4+ 0-1


[Site "https://www.chess.com"]

[Event "Titled Tuesday Blitz May 23 Late 2023"]
[White "Seletsky, Grigory"]
[Black "Sarkar, Justin"]
[WhiteFideId "14112191"]
[BlackFideId "2010011"]
[WhiteElo "2491"]
[BlackElo "2168"]
[Result "1-0"]
[Round "11"]
[TimeControl "180+2"]
[Date "2023.05.23"]
[WhiteClock "0:00:23"]
[BlackClock "0:00:00"]

1. e4 e5 2. Nf3 Nc6 3. Bc4 Be7 4. O-O d6 5. d3 Bg4 6. c3 Qd7 7. Nbd2 Na5 8. Re1 Nxc4 9. Nxc4 f5 10. Ne3 fxe4 11. Nxg4 exf3 12. Qxf3 O-O-O 13. d4 Nf6 14. Nxf6 Bxf6 15. dxe5 Bxe5 16. Be3 Rhf8 17. Qd5 c6 18. Qa5 b6 19. Qa6+ Qb7 20. Qxb7+ Kxb7 21. Rad1 Kc7 22. g3 Rde8 23. Kg2 d5 24. h4 h5 25. Bg5 Bd6 26. a4 Rxe1 27. Rxe1 Kd7 28. Re2 Re8 29. Kf1 Rxe2 30. Kxe2 a6 31. b3 Ke6 32. Be3 b5 33. Kd3 bxa4 34. bxa4 c5 35. c4 d4 36. Bd2 Kf5 37. Be1 g6 38. f3 Be7 39. Bf2 Bd6 40. Ke2 Be7 41. Kf1 Bd6 42. Kg2 g5 43. hxg5 Kxg5 44. Kf1 Be7 45. Ke2 Bd6 46. Kd3 Kf5 47. Be1 Be7 48. Bd2 Bd6 49. Be1 Be7 50. Bf2 Bd6 51. Ke2 Be7 52. Kf1 Bd6 53. Be1 Be7 54. Kg2 Bd6 55. Bd2 Be7 56. Kh3 d3 57. Kg2 Bf6 58. Kf2 Bd4+ 59. Ke1 Be5 60. Kf2 Bd4+ 61. Kg2 Ke5 62. g4 hxg4 63. fxg4 Bb2 64. Kf3 Kd4 65. g5 Kxc4 66. Ke4 1-0


[Site "https://www.chess.com"]

[Event "Titled Tuesday Blitz May 23 Late 2023"]
[White "Einarsson, Halldor Gretar"]
[Black "Mackster23"]
[WhiteFideId "2300150"]
[WhiteElo "2110"]
[BlackElo "2435"]
[Result "0-1"]
[Round "11"]
[TimeControl "180+2"]
[Date "2023.05.23"]
[WhiteClock "0:00:02"]
[BlackClock "0:00:04"]

1. d4 d5 2. Nf3 Nf6 3. g3 Bf5 4. c4 e6 5. Nc3 Bb4 6. Qb3 Bxc3+ 7. bxc3 b6 8. Bg2 O-O 9. Nd2 c6 10. O-O Nbd7 11. f3 e5 12. e4 dxe4 13. fxe4 Bg6 14. Ba3 Re8 15. d5 Rc8 16. Rae1 Qc7 17. d6 Qb8 18. c5 Nxc5 19. Bxc5 bxc5 20. Qa3 Qxd6 21. Nc4 Qd3 22. Qxc5 Nd7 23. Qb4 Rb8 24. Qa4 Nb6 25. Nxb6 axb6 26. Qxc6 Rec8 27. Qd5 Qxc3 28. Rd1 Qc5+ 29. Kh1 Qxd5 30. Rxd5 Rc5 31. Rb1 Rxd5 0-1


[Site "https://www.chess.com"]

[Event "Titled Tuesday Blitz May 23 Late 2023"]
[White "Srdanovic, Jovana"]
[Black "Slavin, Alexey"]
[WhiteFideId "954810"]
[BlackFideId "24104388"]
[WhiteElo "2169"]
[BlackElo "2264"]
[Result "0-1"]
[Round "11"]
[TimeControl "180+2"]
[Date "2023.05.23"]
[WhiteClock "0:00:08"]
[BlackClock "0:00:01"]

1. d4 Nc6 2. e4 d6 3. Be3 Nf6 4. f3 e5 5. c3 Be7 6. Bd3 O-O 7. Ne2 d5 8. O-O Be6 9. Nd2 h6 10. a3 a6 11. Rc1 Re8 12. Bb1 Bf8 13. Qc2 dxe4 14. Nxe4 Nxe4 15. Qxe4 f5 16. Qc2 exd4 17. Nxd4 Nxd4 18. Bxd4 c5 19. Bf2 Qf6 20. Rfe1 b6 21. a4 Kh8 22. Bg3 Qf7 23. Be5 Rad8 24. Rcd1 Bb3 25. Qc1 Rxd1 26. Rxd1 Rxe5 27. Rf1 Bxa4 28. Qf4 Bd6 29. Qh4 Qf6 30. Qh5 Bb5 31. Rd1 Re2 32. Bxf5 Rxb2 33. Be4 Re2 34. Qg4 Rxe4 35. Qxe4 Be5 36. Rd5 Bxc3 37. Rf5 Bd4+ 38. Kh1 Qg6 39. Rf8+ Kh7 40. Qxg6+ Kxg6 41. Rb8 c4 42. h4 Bc5 43. Ra8 c3 44. Rd8 c2 45. Kh2 c1=Q 46. h5+ Kxh5 47. Rd5+ Kg6 48. Kh3 Kh7 49. Kg3 Qe1+ 50. Kh3 Bc4 51. Rd8 Be6+ 52. Kh2 Qg1+ 53. Kg3 Qf2+ 54. Kf4 Be3+ 55. Ke4 Qe2 56. Rh8+ Kxh8 57. Ke5 Bc5+ 58. Kf4 Qe3+ 59. Kg3 Qe5+ 60. Kh4 Qf4+ 61. Kh5 Qg5# 0-1


[Site "https://www.chess.com"]

[Event "Titled Tuesday Blitz May 23 Late 2023"]
[White "Arnold, Ken"]
[Black "Rose, Felix"]
[WhiteFideId "2056836"]
[BlackFideId "5105722"]
[WhiteElo "2416"]
[BlackElo "2039"]
[Result "1-0"]
[Round "11"]
[TimeControl "180+2"]
[Date "2023.05.23"]
[WhiteClock "0:00:38"]
[BlackClock "0:00:00"]

1. d4 Nf6 2. c4 e6 3. Nf3 d5 4. g3 dxc4 5. Qa4+ Nbd7 6. Qxc4 a6 7. a4 b5 8. Qc2 Bb7 9. Bg2 c5 10. dxc5 Bxc5 11. axb5 axb5 12. Rxa8 Qxa8 13. Nc3 Ne4 14. Nxe4 Bxe4 15. Qb3 Qa5+ 16. Bd2 Qa1+ 17. Qd1 Qxb2 18. O-O Nf6 19. Bc1 Qa2 20. Bg5 O-O 21. Bxf6 gxf6 22. Qd7 b4 23. Qb5 Be7 24. Nd4 Bxg2 25. Kxg2 Qa8+ 26. f3 Rb8 27. Qd7 Qb7 28. Qxb7 Rxb7 29. Nb3 f5 30. Rc1 Kg7 31. e4 fxe4 32. fxe4 Rd7 33. Rf1 Rd3 34. Rf3 Rd1 35. h4 Bd6 36. h5 Be5 37. Kh3 Rh1+ 38. Kg4 Re1 39. Nc5 Rc1 40. Nd3 f5+ 41. exf5 exf5+ 42. Kxf5 Rc3 43. Nxe5 1-0


[Site "https://www.chess.com"]

[Event "Titled Tuesday Blitz May 23 Late 2023"]
[White "Gatterer, Florian"]
[Black "Kostiukov, Alexandr"]
[WhiteFideId "811688"]
[BlackFideId "14108100"]
[WhiteElo "2221"]
[BlackElo "2202"]
[Result "1/2-1/2"]
[Round "11"]
[TimeControl "180+2"]
[Date "2023.05.23"]
[WhiteClock "0:01:56"]
[BlackClock "0:02:34"]

1. e4 c5 2. Nf3 g6 3. c4 Bg7 4. d4 cxd4 5. Nxd4 Nc6 6. Be3 Qa5+ 7. Nc3 Nxd4 8. Bxd4 Nf6 9. f3 O-O 10. Qd2 d6 11. Be2 Be6 12. Be3 Rfc8 13. Nd5 Qxd2+ 14. Kxd2 1/2-1/2


[Site "https://www.chess.com"]

[Event "Titled Tuesday Blitz May 23 Late 2023"]
[White "Almedina Ortiz, Edgardo J."]
[Black "Mikhalsky, Vladimir"]
[WhiteFideId "3100197"]
[BlackFideId "14144352"]
[WhiteElo "2217"]
[BlackElo "2236"]
[Result "0-1"]
[Round "11"]
[TimeControl "180+2"]
[Date "2023.05.23"]
[WhiteClock "0:00:44"]
[BlackClock "0:01:48"]

1. d4 Nf6 2. c4 g6 3. Nc3 Bg7 4. e4 O-O 5. Nf3 d6 6. Be2 e5 7. O-O Nc6 8. d5 Ne7 9. Ne1 Nd7 10. Be3 f5 11. f3 f4 12. Bf2 g5 13. a4 a5 14. Nd3 b6 15. b4 axb4 16. Nxb4 Nc5 17. a5 bxa5 18. Nc6 Nxc6 19. dxc6 Ne6 20. c5 dxc5 21. Bc4 Kh8 22. Qxd8 Rxd8 23. Nd5 Ba6 24. Rfc1 Bxc4 25. Rxc4 Rd6 26. Ne7 Bf8 27. Nf5 Rxc6 28. Raa4 Rb6 29. h3 Rb4 30. Be1 Rxc4 31. Rxc4 a4 32. Bc3 Bd6 33. Nh6 Kg7 34. Ng4 Nd4 35. Nxe5 Bxe5 36. Rxc5 Ne2+ 37. Kf2 Nxc3 38. Rxe5 a3 0-1


[Site "https://www.chess.com"]

[Event "Titled Tuesday Blitz May 23 Late 2023"]
[White "Clawitter, Craig"]
[Black "Vaglio Munoz, Jaime"]
[WhiteFideId "2023105"]
[BlackFideId "6500145"]
[WhiteElo "2244"]
[BlackElo "2199"]
[Result "0-1"]
[Round "11"]
[TimeControl "180+2"]
[Date "2023.05.23"]
[WhiteClock "0:00:00"]
[BlackClock "0:01:28"]

1. e4 c5 2. Nf3 Qa5 3. Nc3 a6 4. d4 b5 5. dxc5 e6 6. Bd2 b4 7. Ne2 Bxc5 8. Ned4 Qb6 9. Be3 Bb7 10. Bd3 Nf6 11. O-O Nxe4 12. Ne5 Nf6 13. Nc4 Qc7 14. Qe2 d5 15. Nd2 Qb6 16. N2b3 Bxd4 17. Bxd4 Qd8 18. Nc5 Bc8 19. f4 Nc6 20. Bxf6 Qxf6 21. Kh1 O-O 22. f5 e5 23. g4 e4 24. g5 Qxb2 25. f6 exd3 26. Qxd3 Qd4 27. Qg3 Qg4 28. fxg7 Kxg7 29. Qd6 Nd4 0-1


[Site "https://www.chess.com"]

[Event "Titled Tuesday Blitz May 23 Late 2023"]
[White "Sailer, Mike"]
[Black "Bogaudinov, Rushan"]
[WhiteFideId "2012901"]
[BlackFideId "4129288"]
[WhiteElo "2109"]
[BlackElo "1941"]
[Result "1-0"]
[Round "11"]
[TimeControl "180+2"]
[Date "2023.05.23"]
[WhiteClock "0:00:06"]
[BlackClock "0:00:00"]

1. d4 g6 2. Nf3 Bg7 3. Bf4 d5 4. e3 c6 5. Be2 Nf6 6. O-O O-O 7. h3 Nbd7 8. c4 b6 9. Nc3 Bb7 10. a4 dxc4 11. Bxc4 Nd5 12. Nxd5 cxd5 13. Bd3 Rc8 14. Qe2 e5 15. Nxe5 Nxe5 16. Bxe5 Bxe5 17. dxe5 Re8 18. f4 f6 19. Bb5 Bc6 20. Bxc6 Rxc6 21. exf6 Qxf6 22. Qd2 Qe6 23. Rfe1 Qe4 24. Rad1 Rd8 25. Qd4 Rc4 26. Qxe4 Rxe4 27. Rd4 Rde8 28. Rxd5 Rxa4 29. Kf2 Rb4 30. Re2 a5 31. Rd4 Rb3 32. e4 b5 33. e5 a4 34. Rd7 b4 35. Rc2 a3 36. bxa3 bxa3 37. Rcc7 a2 38. Ra7 Rb2+ 39. Kf3 h5 40. Rg7+ Kh8 41. Rxg6 Rc8 42. Rga6 Rcc2 43. g4 h4 44. Ke4 Rb3 45. Rxa2 Rxa2 46. Rxa2 Rxh3 47. Kf5 Rc3 48. e6 Rc7 49. Kf6 1-0


[Site "https://www.chess.com"]

[Event "Titled Tuesday Blitz May 23 Late 2023"]
[White "Florianovitz, Derlei Alex"]
[Black "Hajiyev, Kanan"]
[WhiteFideId "2114178"]
[BlackFideId "13404148"]
[WhiteElo "1953"]
[BlackElo "2103"]
[Result "0-1"]
[Round "11"]
[TimeControl "180+2"]
[Date "2023.05.23"]
[WhiteClock "0:00:00"]
[BlackClock "0:00:30"]

1. e4 c6 2. d4 d5 3. exd5 cxd5 4. c4 Nf6 5. Nc3 e6 6. c5 Be7 7. Nf3 O-O 8. b4 a5 9. b5 Ne4 10. Bd2 f5 11. Bd3 Bf6 12. O-O Nd7 13. a4 Ndxc5 14. dxc5 Nxc3 15. Bxc3 Bxc3 16. Rc1 Bf6 17. Re1 Qc7 18. b6 Qf4 19. Bb5 d4 20. c6 bxc6 21. Rxc6 e5 22. Rc7 Rb8 23. Qb3+ Kh8 24. Rf7 Rd8 25. Qd5 h6 26. Qc5 Bb7 27. Bc6 Rdc8 28. Rc7 Bxc6 29. Qxc6 Rd8 30. g3 Qg4 31. b7 e4 32. Rc8 exf3 33. Rxd8+ Bxd8 0-1


[Site "https://www.chess.com"]

[Event "Titled Tuesday Blitz May 23 Late 2023"]
[White "Petrovic, Aleksa"]
[Black "Cagara, Paulina"]
[WhiteFideId "967629"]
[BlackFideId "1124870"]
[WhiteElo "2309"]
[BlackElo "1967"]
[Result "1-0"]
[Round "11"]
[TimeControl "180+2"]
[Date "2023.05.23"]
[WhiteClock "0:00:04"]
[BlackClock "0:00:05"]

1. d4 f5 2. g3 g6 3. Bg2 Bg7 4. c3 d6 5. Qb3 c6 6. Nh3 Qb6 7. Ng5 Qxb3 8. axb3 h6 9. Nf3 Be6 10. Nbd2 Na6 11. b4 Nc7 12. O-O a6 13. e4 Nf6 14. Nh4 Kf7 15. Re1 fxe4 16. Nxe4 g5 17. Nf3 Nxe4 18. Rxe4 Bd5 19. Re1 Rhf8 20. h4 Kg6 21. Rxe7 Nb5 22. Nd2 Bxg2 23. Kxg2 gxh4 24. Nf3 hxg3 25. fxg3 Rab8 26. Bf4 Bf6 27. Rd7 Rfd8 28. Rxd8 Rxd8 29. Rh1 h5 30. Re1 Nc7 31. Nd2 Bg5 32. Bxg5 Kxg5 33. Re7 Nd5 34. Rxb7 Ne3+ 35. Kf2 Nd1+ 36. Ke2 Nxb2 37. Nf3+ Kg4 38. Rg7+ Kh3 39. Rg5 Kg2 40. Ne1+ Kg1 41. Rxh5 Re8+ 42. Kd2 Nc4+ 43. Kd3 Nb2+ 44. Kc2 Re2+ 45. Kb3 Rxe1 46. Kxb2 Re3 47. g4 Kf2 48. Rh6 Ke2 49. Rxd6 Kd3 50. Rxc6 Re2+ 51. Kb3 Re1 52. Rxa6 Rb1+ 53. Ka2 Rg1 54. Rc6 Kc2 55. b5 Rxg4 56. b6 Rg5 57. Rc5 Rg7 58. Rb5 Rb7 59. c4 Kc3 60. c5 Kc4 61. c6 Rb8 62. Rc5+ Kb4 63. c7 Ra8+ 64. Kb2 Rh8 65. c8=Q Rh2+ 66. Rc2 1-0


[Site "https://www.chess.com"]

[Event "Titled Tuesday Blitz May 23 Late 2023"]
[White "Parizek, Vojtech"]
[Black "Prieto Aranguren, Alain"]
[WhiteFideId "360996"]
[BlackFideId "2268906"]
[WhiteElo "2115"]
[BlackElo "2209"]
[Result "0-1"]
[Round "11"]
[TimeControl "180+2"]
[Date "2023.05.23"]
[WhiteClock "0:00:00"]
[BlackClock "0:01:10"]

1. e4 c6 2. d4 d5 3. exd5 cxd5 4. c4 Nc6 5. Nc3 Nf6 6. Nf3 g6 7. cxd5 Nxd5 8. Bc4 Nxc3 9. bxc3 Bg7 10. Ng5 e6 11. O-O O-O 12. Re1 Na5 13. Bd3 Bd7 14. Qf3 Rc8 15. Qh3 h6 16. Ne4 e5 17. Qg3 exd4 18. cxd4 Nc4 19. Rb1 Bf5 20. Be3 Nxe3 21. fxe3 Qe7 22. Qf3 Rfe8 23. Nf2 Bxd3 24. Nxd3 b6 25. Kh1 Rc3 26. Rbd1 Qe4 27. Qxe4 Rxe4 28. d5 Bf8 29. Rf1 Kg7 30. Rfe1 Bd6 31. Kg1 Ra3 32. Re2 a5 33. Kf2 a4 34. Kf3 f5 35. h3 b5 36. g4 b4 37. gxf5 gxf5 38. Rg2+ Kf7 39. Ke2 Rxa2+ 40. Rd2 Rxd2+ 41. Kxd2 a3 0-1


[Site "https://www.chess.com"]

[Event "Titled Tuesday Blitz May 23 Late 2023"]
[White "Shapiro, Daniel"]
[Black "coquitovich"]
[WhiteFideId "2001780"]
[WhiteElo "2328"]
[BlackElo "2155"]
[Result "1-0"]
[Round "11"]
[TimeControl "180+2"]
[Date "2023.05.23"]
[WhiteClock "0:00:18"]
[BlackClock "0:00:00"]

1. d4 c5 2. d5 e6 3. c4 f5 4. Nf3 Nf6 5. Nc3 d6 6. g3 e5 7. e4 fxe4 8. Ng5 Bf5 9. Bg2 Na6 10. O-O Be7 11. Ncxe4 O-O 12. Ne6 Qb6 13. Nxf8 Rxf8 14. Qe2 Nc7 15. f3 Qa6 16. Nc3 Bd7 17. f4 exf4 18. Bxf4 Re8 19. a4 Qb6 20. Rab1 Qb4 21. Bd2 Bf8 22. Qd3 Bg4 23. Nb5 Qxa4 24. Nxc7 1-0


[Site "https://www.chess.com"]